 Dungeon Sprint DCSS version 0.18.1-50-g88ac8fd (webtiles) character file.

100 Inkary the Cudgeler (level 4, -12/44 HPs)
             Began as a Minotaur Fighter on Sept 22, 2016.
             Killed from afar by a deep elf mage (33 damage)
             ... with a bolt of cold
             ... in the Dungeon (Sprint III: "The Ten Rune Challenge").
             The game lasted 00:00:51 (271 turns).

Inkary the Cudgeler (Minotaur Fighter)               Turns: 271, Time: 00:00:52

Health: -12/44     AC:  7    Str: 22    XL:     4   Next: 47%
Magic:  3/3        EV:  8    Int:  5    God:
Gold:   28         SH: 10    Dex:  9    Spells: 0 memorised, 3 levels left

rFire  . . .     SeeInvis .     a - +0 flail
rCold  . . .     Gourm    .     b - +0 scale mail
rNeg   . . .     Faith    .     c - +0 shield
rPois  .         Spirit   .     (helmet restricted)
rElec  .         Dismiss  .     (no cloak)
rCorr  .         Reflect  .     (no gloves)
SustAt .         Harm     .     (no boots)
MR     .....     NoTele   +     (no amulet)
Stlth  ..........               (no ring)
                                (no ring)

@: not resistant to hostile enchantments, extremely unstealthy
A: retaliatory headbutt, horns 2
a: no special abilities


You were in the Dungeon.
You were not hungry.

You visited 1 branch You collected 28 gold pieces.

Inventory:

Hand Weapons
 a - a +0 flail (weapon)
Armour
 b - a +0 scale mail (worn)
 c - a +0 shield (worn)
Scrolls
 k - 2 scrolls of blinking
 n - a scroll of immolation
 o - 2 scrolls of identify
 r - a scroll of holy word
Potions
 d - a potion of might
 e - a potion of curing
 g - a potion of heal wounds
 h - a potion of haste
 i - 3 potions of magic
 j - a potion of berserk rage
 m - 2 potions of mutation
 q - 3 potions of cure mutation
 s - a potion of flight
Comestibles
 f - a bread ration
 l - a chunk of flesh
 p - 2 meat rations


   Skills:
 + Level 6.1 Fighting
 * Level 7.1 Maces & Flails
 + Level 5.8 Armour
 + Level 6.1 Shields


You had 3 spell levels left.
You didn't know any spells.

Dungeon Overview and Level Annotations

Branches:
Dungeon (1/1)

Altars:
Elyvilon
Zin
The Shining One


Innate Abilities, Weirdness & Mutations

You reflexively headbutt those who attack you in melee.
You have a pair of horns on your head.


Message History

Read which item? (? for menu, Esc to quit)
Identify which item? (\ to view known items) (? for menu, Esc to quit)
As you read the scroll of identify, it crumbles to dust.
r - a scroll of holy word Some of the chunks of flesh in your inventory have rotted away.
There is an open door to the Ecumenical Temple here.
There is a fountain of clear blue water here.
You open the door.
Found three altars.
A deep elf mage comes into view.
It is wielding a long sword of holy wrath.
The deep elf mage picks up a potion of cure mutation.
There is an open door here.
The deep elf mage points at you and mumbles some strange words.
The shard of ice hits you!
You sock the deep elf mage! Your headbutt misses the deep elf mage.
The deep elf mage is moderately wounded.
The deep elf mage casts a spell at you. The bolt of cold hits you!
Ouch! That really hurt!
You die...

▓▓▓▓▓ ▓▓▓ #(..####
##.#####
#......#####..#___#
#.......#..#..#e@.#
##.##...#..#..###'#+###+#
##.###..##'#..#..........
###.##..###...'.⌠........
#..##..####...#...######+
...##..###....#.⌠.#
..##...##.....#...#
.##....#......#+###
###..##.#.....#


You could see a deep elf mage.

Vanquished Creatures
  A water elemental (D)
  A human (D)
  A wolf (D)
  2 oozes (D)
  2 rats (D)
7 creatures vanquished.

Vanquished Creatures (others)
  2 draconian scorchers (D)
2 creatures vanquished.

Grand Total: 9 creatures vanquished

Notes
Turn   | Place    | Note
--------------------------------------------------------------
     0 | D        | Inkary the Minotaur Fighter began the quest for the Orb.
     0 | D        | Reached XP level 1. HP: 19/19 MP: 0/0
     9 | D        | Reached skill level 3 in Maces & Flails
    12 | D        | Reached XP level 2. HP: 27/27 MP: 1/1
    24 | D        | Reached skill level 4 in Maces & Flails
    39 | D        | Reached skill level 5 in Maces & Flails
    55 | D        | Reached skill level 5 in Fighting
    55 | D        | Reached skill level 5 in Armour
    55 | D        | Reached skill level 5 in Shields
    55 | D        | Reached XP level 3. HP: 5/36 MP: 2/2
   194 | D        | Killed a white draconian scorcher
   239 | D        | Noticed a water elemental
   246 | D        | Killed a water elemental
   246 | D        | Reached skill level 7 in Maces & Flails
   246 | D        | Reached XP level 4. HP: 34/44 MP: 3/3
   260 | D        | Killed a white draconian scorcher
   268 | D        | Found a glowing silver altar of Zin.
   268 | D        | Found a glowing golden altar of the Shining One.
   268 | D        | Found a white marble altar of Elyvilon.
   269 | D        | Noticed a deep elf mage
   271 | D        | Killed from afar by a deep elf mage

Skill      XL: |  1  2  3 |
---------------+----------+-----
Fighting       | 4 5 6 |  6.1
Maces & Flails | 3 5 7 |  7.1
Shields        | 4 5 6 |  6.1
Armour         | 4 5 |  5.8

Action                   |  1- 3 |  4- 6 || total
-------------------------+-------+-------++-------
Melee: Flail             |    26 |     1 ||    27
       Headbutt          |     2 |       ||     2
  Use: Scroll            |       |     4 ||     4
Armor: Scale mail        |     5 |       ||     5
Dodge: Dodged            |     7 |       ||     7
Block: Shield            |    12 |       ||    12
